 Dungeon Sprint DCSS version 0.22-a0-467-g5c5de1c (webtiles) character file.

29362 emperorscorpion the Impaler (level 13, -7/123 HPs)
             Began as a Demonspawn Berserker on June 10, 2018.
             Was the Champion of Trog.
             Mangled by a spark wasp (17 damage)
             ... in the Dungeon (Sprint IX: "|||||||||||||||||||||||||||||").
             The game lasted 00:18:20 (1730 turns).

emperorscorpion the Impaler (Demonspawn Berserker)  Turns: 1730, Time: 00:18:22

Health: -7/123     AC: 30    Str: 18    XL:     13   Next: 14%
Magic:  5/5        EV: 13    Int:  8    God:    Trog [******]
Gold:   375        SH:  0    Dex: 18    Spells: 12/12 levels left

rFire    . . .     SeeInvis +   a - +3 glaive (antimagic)
rCold    . . .     Gourm    .   (shield currently unavailable)
rNeg     . . .     Faith    .   q - +0 plate armour
rPois    +         Spirit   .   (helmet unavailable)
rElec    .         Reflect  .   p - +0 cloak
rCorr    .         Harm     .   E - +0 pair of gloves
MR       ++...     NoTele   +   M - +1 pair of boots
Stlth    ..........             (no amulet)
HPRegen  1.30/turn              C - +3 ring of evasion
MPRegen  0.09/turn              K - ring of poison resistance

@: sanguine armour, very slightly contaminated, regenerating
A: antennae 3, demonic guardian 1, foul stench 2, augmentation 2, rot immunity,
sanguine armour 2
a: Berserk, Trog's Hand, Brothers in Arms, Renounce Religion


You were in the Dungeon.
You worshipped Trog.
Trog was exalted by your worship.
You were hungry.

You visited 1 branch You collected 1913 gold pieces.
You spent 1538 gold pieces at shops.

Inventory:

Hand Weapons
 a - a +3 antimagic glaive (weapon)
 b - the +5 demon trident of Hupseog {venom, *Rage rElec rPois Str+9}
   (Trog gifted it to you in the Dungeon)

   It poisons the flesh of those it strikes.
   It affects your strength (+9).
   It insulates you from electricity.
   It protects you from poison.
   It may make you go berserk in combat.
 j - a +4 antimagic bardiche
 k - a +2 antimagic trident
 t - a +2 halberd of protection
 z - a +0 spear
 F - a +2 glaive of venom
Missiles
 G - 2 silver javelins (quivered)
Armour
 o - a +0 animal skin
 p - a +0 cloak (worn)
 q - a +0 plate armour (worn)
 D - a +2 hat
 E - a +0 pair of gloves (worn)
 M - a +1 pair of boots (worn)
Magical Staves
 n - an uncursed staff of energy
Jewellery
 r - a +2 ring of protection
 s - a +3 ring of dexterity
 A - an uncursed ring of protection from fire
 C - a +3 ring of evasion (left hand)
 J - an uncursed ring of protection from fire
 K - a ring of poison resistance (right hand)
 L - an uncursed ring of protection from magic
Wands
 m - a wand of iceblast (3)
Scrolls
 i - a scroll of blinking
 l - 6 scrolls of remove curse
 w - 2 scrolls of fear
 x - 2 scrolls of fog
 y - 2 scrolls of enchant armour
 B - 3 scrolls of enchant weapon
Potions
 d - 11 potions of curing
 e - 6 potions of heal wounds
 f - a potion of haste
 g - 5 potions of magic
 h - 4 potions of berserk rage
 u - 4 potions of agility
 v - a potion of brilliance
 H - 4 potions of mutation
 I - a potion of flight {unknown}
 N - a potion of might
Comestibles
 c - 10 rations


   Skills:
 + Level 18.3 Fighting
 + Level 20.9 Polearms
 + Level 12.1 Armour
 + Level 7.5 Dodging
 + Level 6.6 Stealth
 + Level 4.1 Evocations


You had 12 spell levels left.
You didn't know any spells.
Your spell library was empty.

Dungeon Overview and Level Annotations

Branches:
Dungeon (1/1)

Altars:
Cheibriados
Dithmenos
Elyvilon
Fedhas
Gozag
Hepliaklqana
Kikubaaqudgha
Makhleb
Nemelex Xobeh
Okawaru
Qazlal
Ru
Sif Muna
Trog
Uskayaw
Vehumet
Wu Jian
Xom
Yredelemnul
Zin
The Shining One
Beogh
Jiyva
Lugonu

Shops:
D *%[


Innate Abilities, Weirdness & Mutations

You have a pair of large antennae on your head. (SInv)
A weak demonic guardian rushes to your aid.
You frequently emit foul miasma when damaged in melee.
Your magical and physical power is enhanced at high health.
You are immune to rotting.
When seriously injured, your bleeding wounds create thick armour. (AC +9)


Message History

* * * LOW HITPOINT WARNING * * *
The spark wasp blinks!
Things that are here:
a spear; a merfolk skeleton You completely miss the spark wasp.
The spark wasp is severely wounded.
The spark wasp completely misses you. The spark wasp barely misses you.
You closely miss the spark wasp.
The spark wasp is severely wounded.
The jumping spider leaps!
The spark wasp stings your shadow imp. The spark wasp shocks your shadow imp!
Your shadow imp dies!
The spark wasp stings you but does no damage.
You slash the spark wasp!
The spark wasp's magic leaks into the air.
The spark wasp is almost dead.
The jumping spider looks more healthy.
The spark wasp stings you!
* * * LOW HITPOINT WARNING * * *
The spark wasp shocks you!
You die... { {{{{{{{ {{{{{{{{{{{{{{{{{{

{ ▓▓▓▓▓▓▓▓▓▓▓▓▓▓▓▓▓▓▓▓▓▓▓▓▓▓▓▓▓▓▓
{s.sss..'.sss.yC@ys((.......[).).
▓▓▓▓▓▓▓▓▓▓▓▓▓▓▓▓▓▓▓▓▓▓▓▓▓▓▓▓▓▓▓▓▓
.)...........)...................
▓▓▓▓▓▓▓▓▓▓▓▓▓▓▓▓▓▓▓▓▓▓▓▓▓▓▓▓▓▓▓▓▓
)'(..........[[[[[[[.))))))))....
▓▓▓▓▓▓▓▓▓▓▓▓▓▓▓▓▓▓▓▓▓▓▓▓▓▓▓▓▓▓▓▓▓
.................................
▓▓▓▓▓▓▓▓▓▓▓▓▓▓▓▓▓▓▓▓▓▓▓▓▓▓▓▓▓▓▓▓▓
)))).........))))......)...))))..


You could see 2 spark wasps, a wolf spider, 2 jumping spiders, a tarantella and
a friendly stone giant (berserk).

Vanquished Creatures
  Donald (D)
  A stone giant (D)
  Josephine (D)
  2 hydras (D)
  An ice dragon (D)
  3 centaur warriors (D)
  A satyr (D)
  Erolcha (D)
  An alligator snapping turtle (D)
  2 catoblepae (D)
  A merfolk avatar (D)
  An anaconda (D)
  An ogre mage (D)
  A deep troll shaman (D)
  2 death yaks (D)
  A shock serpent (D)
  2 sea snakes (D)
  A deep elf mage (D)
  An orc knight (D)
  3 ugly things (D)
  7 orc sorcerers (D)
  A naga mage (D)
  4 black mambas (D)
  A merfolk siren (D)
  A spiny frog (D)
  A komodo dragon (D)
  A polar bear (D)
  A blink frog (D)
  A vampire (D)
  A water elemental (D)
  3 wraiths (D)
  5 yaks (D)
  A basilisk (D)
  A vampire mosquito (D)
  3 water moccasins (D)
  2 porcupines (D)
  An ice beast (D)
  11 orc warriors (D)
  A necrophage (D)
  4 crocodiles (D)
  3 bullfrogs (D)
  A scorpion (D)
  2 crimson imps (D)
  3 orc priests (D)
  12 orc wizards (D)
  A worker ant (D)
  A worm (D)
  5 orcs (D)
  A bat skeleton (D)
  A bat zombie (D)
  A jackal (D)
  A kobold (D)
  A quokka (D)
  A bat (D)
  A frilled lizard (D)
  A giant cockroach zombie (D)
  2 rats (D)
117 creatures vanquished.

Vanquished Creatures (collateral kills)
  A naga warrior (D)
  An anaconda (D)
  A merfolk aquamancer (D)
  A mana viper (D)
  A black mamba (D)
  A snapping turtle (D)
  2 wights (D)
8 creatures vanquished.

Vanquished Creatures (others)
  A spatial maelstrom (D)
1 creature vanquished.

Grand Total: 126 creatures vanquished

Notes
Turn   | Place    | Note
-------+----------+-------------------------------------------
     0 | D        | emperorscorpion the Demonspawn Berserker began the quest for the Orb.
     0 | D        | Reached XP level 1. HP: 18/18 MP: 1/1
     5 | D        | Banished a spatial maelstrom
    10 | D        | Reached skill level 3 in Polearms
    16 | D        | Reached ** piety under Trog
    26 | D        | Noticed a worker ant
    26 | D        | Noticed an orc wizard
    35 | D        | Reached *** piety under Trog
    35 | D        | Gained mutation: A weak demonic guardian rushes to your aid. [demonic ancestry]
    35 | D        | Reached XP level 2. HP: 25/25 MP: 2/2
    42 | D        | Reached skill level 4 in Polearms
    42 | D        | Gained mutation: You are immune to rotting. [demonic ancestry]
    42 | D        | Reached XP level 3. HP: 23/31 MP: 3/3
    45 | D        | Reached skill level 5 in Fighting
    45 | D        | Reached skill level 5 in Polearms
    53 | D        | Found a roughly hewn altar of Beogh.
    53 | D        | Found a snail-covered altar of Cheibriados.
    53 | D        | Found a shadowy altar of Dithmenos.
    53 | D        | Found a white marble altar of Elyvilon.
    53 | D        | Found a blossoming altar of Fedhas.
    53 | D        | Found an opulent altar of Gozag.
    54 | D        | Found a hazy altar of Hepliaklqana.
    55 | D        | Found a viscous altar of Jiyva.
    56 | D        | Found an ancient bone altar of Kikubaaqudgha.
    57 | D        | Found a corrupted altar of Lugonu.
    58 | D        | Found a burning altar of Makhleb.
    59 | D        | Found a sparkling altar of Nemelex Xobeh.
    60 | D        | Found an iron altar of Okawaru.
    61 | D        | Found a stormy altar of Qazlal.
    62 | D        | Found a sacrificial altar of Ru.
    63 | D        | Found a deep blue altar of Sif Muna.
    64 | D        | Found a bloodstained altar of Trog.
    65 | D        | Found a hide-covered altar of Uskayaw.
    66 | D        | Found a radiant altar of Vehumet.
    67 | D        | Found an ornate altar of the Wu Jian Council.
    68 | D        | Found a shimmering altar of Xom.
    69 | D        | Found a basalt altar of Yredelemnul.
    70 | D        | Found a glowing silver altar of Zin.
    71 | D        | Found a glowing golden altar of the Shining One.
   118 | D        | Noticed a necrophage
   118 | D        | Noticed an ice beast
   118 | D        | Noticed a water moccasin
   124 | D        | Killed a water moccasin
   124 | D        | Reached **** piety under Trog
   124 | D        | Reached skill level 7 in Polearms
   124 | D        | Gained mutation: You have a pair of small antennae on your head. [demonic ancestry]
   124 | D        | Reached XP level 4. HP: 41/41 MP: 4/4
   124 | D        | Gained mutation: When seriously injured, your bleeding wounds create armour. (AC +9) [demonic ancestry]
   124 | D        | Reached XP level 5. HP: 47/47 MP: 5/5
   134 | D        | Killed an ice beast
   134 | D        | Reached skill level 8 in Polearms
   140 | D        | Killed a necrophage
   140 | D        | Reached XP level 6. HP: 47/57 MP: 6/6
   145 | D        | Reached skill level 9 in Polearms
   149 | D        | Reached ***** piety under Trog
   161 | D        | Noticed a vampire mosquito
   161 | D        | Noticed a four-headed hydra
   161 | D        | Noticed a green ugly thing
   162 | D        | Reached skill level 1 in Stealth
   173 | D        | Killed a green ugly thing
   173 | D        | Reached skill level 10 in Polearms
   173 | D        | Reached skill level 5 in Dodging
   173 | D        | Gained mutation: When seriously injured, your bleeding wounds create thick armour. (AC +9) [demonic ancestry]
   173 | D        | Reached XP level 7. HP: 46/65 MP: 7/7
   185 | D        | Killed a four-headed hydra
   185 | D        | Reached skill level 10 in Fighting
   185 | D        | Reached skill level 11 in Polearms
   185 | D        | Reached skill level 5 in Armour
   185 | D        | Gained mutation: Your magical and physical power is slightly enhanced at high health. [demonic ancestry]
   185 | D        | Reached XP level 8. HP: 67/74 MP: 8/8
   186 | D        | Reached skill level 12 in Polearms
   193 | D        | Received a gift from Trog
   315 | D        | Noticed a black mamba
   333 | D        | Killed a black mamba
   333 | D        | Reached skill level 13 in Polearms
   333 | D        | Gained mutation: You have a pair of antennae on your head. [demonic ancestry]
   333 | D        | Reached XP level 9. HP: 82/82 MP: 3/9
   339 | D        | Received a gift from Trog
   342 | D        | Noticed a four-headed hydra
   354 | D        | Killed a four-headed hydra
   354 | D        | Reached skill level 1 in Evocations
   373 | D        | Noticed a black mamba
   373 | D        | Noticed a komodo dragon
   375 | D        | Noticed a spiny frog
   380 | D        | Killed a komodo dragon
   380 | D        | Reached skill level 14 in Polearms
   387 | D        | Noticed a polar bear
   398 | D        | Received a gift from Trog
   404 | D        | Killed a black mamba
   404 | D        | Gained mutation: Your magical and physical power is enhanced at high health. [demonic ancestry]
   404 | D        | Reached XP level 10. HP: 50/92 MP: 3/11
   410 | D        | Killed a spiny frog
   450 | D        | Noticed a death yak
   450 | D        | Noticed a catoblepas
   453 | D        | Noticed a death yak
   475 | D        | Killed a catoblepas
   483 | D        | Killed a death yak
   484 | D        | Reached skill level 15 in Polearms
   495 | D        | Killed a death yak
   495 | D        | Received a gift from Trog
   511 | D        | Noticed a catoblepas
   522 | D        | Killed a catoblepas
   522 | D        | Gained mutation: You may emit foul miasma when damaged in melee. [demonic ancestry]
   522 | D        | Reached XP level 11. HP: 101/101 MP: 4/13
   748 | D        | Reached ****** piety under Trog
   749 | D        | Received a gift from Trog
   754 | D        | Reached skill level 16 in Polearms
   761 | D        | Received a gift from Trog
   800 | D        | Noticed an orc knight
   804 | D        | Killed an orc knight
   819 | D        | Reached skill level 15 in Fighting
   821 | D        | Received a gift from Trog
   881 | D        | Found Siulimec's Distillery.
   881 | D        | Noticed an orc sorcerer
   883 | D        | Noticed an orc sorcerer
   884 | D        | Killed an orc sorcerer
   885 | D        | Noticed an orc sorcerer
   887 | D        | Received a gift from Trog
   889 | D        | Noticed an orc sorcerer
   892 | D        | Killed an orc sorcerer
   892 | D        | Received a gift from Trog
   893 | D        | Found Looda's Antique Armour Shop.
   901 | D        | Killed an orc sorcerer
   901 | D        | Reached skill level 17 in Polearms
   905 | D        | Noticed a sun demon
   908 | D        | Killed an orc sorcerer
   911 | D        | Noticed an orc sorcerer
   911 | D        | Found Xouvoab's Food Boutique.
   921 | D        | Killed an orc sorcerer
   921 | D        | Received a gift from Trog
   921 | D        | Reached skill level 10 in Armour
   937 | D        | Found Pustall's Assorted Antiques.
   942 | D        | Noticed an orc sorcerer
   942 | D        | Noticed an orc sorcerer
   953 | D        | Killed an orc sorcerer
   956 | D        | Killed an orc sorcerer
   956 | D        | Received a gift from Trog
   965 | D        | Bought a scroll labeled SOPRETURIJ for 24 gold pieces
   972 | D        | Bought a potion of degeneration for 14 gold pieces
   979 | D        | Bought a slimy long sword for 204 gold pieces
   980 | D        | Bought a potion of curing for 72 gold pieces
   980 | D        | Bought a potion of agility for 96 gold pieces
   986 | D        | Bought a potion of haste for 140 gold pieces
   986 | D        | Bought a potion of curing for 42 gold pieces
   986 | D        | Bought a potion of curing for 42 gold pieces
   986 | D        | Bought a potion of curing for 42 gold pieces
   986 | D        | Bought a potion of curing for 42 gold pieces
   986 | D        | Bought a potion of mutation for 112 gold pieces
   986 | D        | Bought a potion of agility for 56 gold pieces
   986 | D        | Bought a potion of mutation for 112 gold pieces
   986 | D        | Bought a potion of mutation for 112 gold pieces
   986 | D        | Bought a potion of magic for 112 gold pieces
   986 | D        | Bought a potion of agility for 56 gold pieces
   986 | D        | Bought 2 potions of berserk rage for 140 gold pieces
   992 | D        | Bought a large iron ring for 120 gold pieces
  1039 | D        | Noticed Josephine
  1048 | D        | Killed Josephine
  1050 | D        | Received a gift from Trog
  1050 | D        | Reached skill level 18 in Polearms
  1165 | D        | Noticed a deep elf mage
  1165 | D        | Noticed a centaur warrior
  1166 | D        | Noticed an ogre mage
  1174 | D        | Killed a centaur warrior
  1185 | D        | Killed a deep elf mage
  1187 | D        | Noticed a centaur warrior
  1190 | D        | Noticed a deep troll shaman
  1203 | D        | Received a gift from Trog
  1204 | D        | Noticed a brown ugly thing
  1209 | D        | Killed an ogre mage
  1209 | D        | Gained mutation: You have a pair of large antennae on your head. (SInv) [demonic ancestry]
  1209 | D        | Reached XP level 12. HP: 96/111 MP: 5/15
  1214 | D        | Received a gift from Trog
  1218 | D        | Killed a centaur warrior
  1218 | D        | Noticed a centaur warrior
  1220 | D        | Noticed a stone giant
  1222 | D        | Killed a deep troll shaman
  1222 | D        | Reached skill level 19 in Polearms
  1243 | D        | Killed a stone giant
  1250 | D        | Killed a centaur warrior
  1250 | D        | Noticed an ice dragon
  1371 | D        | Killed an ice dragon
  1420 | D        | Noticed Erolcha
  1432 | D        | Killed Erolcha
  1444 | D        | Noticed Donald
  1457 | D        | Killed Donald
  1457 | D        | Reached skill level 20 in Polearms
  1542 | D        | Noticed a naga warrior
  1542 | D        | Noticed an anaconda
  1555 | D        | Received a gift from Trog
  1558 | D        | Noticed an anaconda
  1561 | D        | Killed an anaconda
  1592 | D        | Killed a naga warrior
  1592 | D        | Received a gift from Trog
  1593 | D        | Killed an anaconda
  1623 | D        | Noticed a merfolk avatar
  1623 | D        | Noticed a satyr
  1623 | D        | Noticed a merfolk aquamancer
  1632 | D        | Killed a merfolk aquamancer
  1635 | D        | Noticed an alligator snapping turtle
  1658 | D        | Killed a satyr
  1658 | D        | Received a gift from Trog
  1658 | D        | Gained mutation: You frequently emit foul miasma when damaged in melee. [demonic ancestry]
  1658 | D        | Reached XP level 13. HP: 35/122 MP: 5/16
  1666 | D        | Reached skill level 5 in Stealth
  1700 | D        | Got a shimmering demon trident {god gift}
  1701 | D        | Identified the +5 demon trident of Hupseog {venom, *Rage rElec rPois Str+9} (Trog gifted it to you in the Dungeon)
  1718 | D        | Noticed a spark wasp
  1718 | D        | Noticed a spark wasp
  1730 | D        | Mangled by a spark wasp

Vault maps used:
D:        linesprint

Skill      XL: |  1  2  3  4  5  6  7  8  9 10 11 12 13 |
---------------+----------------------------------------+-----
Polearms       | 3 4 7 8 10 11 13 14 15 18 20 | 20.9
Dodging        | 2 3 4 5 6 7 |  7.5
Armour         | 2 3 4 5 6 7 9 10 11 12 | 12.1
Fighting       | 4 6 8 9 10 11 13 14 16 18 | 18.3
Stealth        | 1 2 3 4 6 |  6.6
Evocations     | 2 3 4 |  4.1

Action                   |  1- 3 |  4- 6 |  7- 9 | 10-12 | 13-15 || total
-------------------------+-------+-------+-------+-------+-------++-------
Melee: Spear             |    32 |       |    12 |       |       ||    44
       Halberd           |     5 |    23 |       |       |       ||    28
       Trident           |       |       |    57 |    13 |       ||    70
       Bardiche          |       |       |       |    36 |       ||    36
       Glaive            |       |       |       |   295 |    44 ||   339
Invok: Trog's Hand       |     2 |     1 |       |    13 |     1 ||    17
       Berserk           |     2 |       |     2 |     6 |       ||    10
       Brothers in Arms  |       |     1 |       |     2 |     2 ||     5
Evoke: Wand              |       |       |     5 |     2 |       ||     7
  Use: Scroll            |       |       |       |     1 |     1 ||     2
       Potion            |       |       |       |     4 |       ||     4
 Stab: Sleeping          |     1 |       |       |       |       ||     1
       Distracted        |       |     1 |       |     1 |       ||     2
       Invisible         |       |       |       |     2 |    19 ||    21
  Eat: Chunk             |       |       |     4 |    12 |     1 ||    17
       Ration            |       |       |       |     1 |       ||     1
Armor: Animal skin       |     5 |       |       |       |       ||     5
       Plate armour      |     3 |     6 |    12 |   107 |     6 ||   134
Dodge: Dodged            |    11 |     3 |    17 |    68 |     9 ||   108

Table legend:
 A = Spawn XP
 B = Non-spawn XP
 C = Spawn XP percentage of total XP
 D = Spawn monster count
 E = Non-spawn monster count
 F = Spawn count percentage of total count
 G = Total turns spent on level
                    A         B        C        D         E        F      G
               +---------+---------+-------+---------+---------+-------+---------
         Total |       0 |   41947 |   0.0 |       0 |     125 |   0.0 |  1730
               +---------+---------+-------+---------+---------+-------+---------
             D |       0 |   41947 |   0.0 |       0 |     125 |   0.0 |  1730
               +---------+---------+-------+---------+---------+-------+---------
